 Dungeon Crawl Stone Soup version 0.22-a0-877-g5c4e1afb51 (webtiles) character file.

4291 LLavrengius the Fighter (level 10, -4/115 HPs)
             Began as an Ogre Skald on July 29, 2018.
             Was a Believer of Makhleb.
             Slain by a wyvern (12 damage)
             ... on level 9 of the Dungeon.
             The game lasted 01:10:38 (13000 turns).

LLavrengius the Fighter (Ogre Skald)               Turns: 13000, Time: 01:10:38

Health: -4/115     AC:  5    Str: 17    XL:     10   Next: 32%
Magic:  16/19      EV:  9    Int: 17    God:    Makhleb [**....]
Gold:   406        SH:  0    Dex:  8    Spells: 12/21 levels left

rFire    + . .     SeeInvis .   O - +2 war axe (drain)
rCold    x . .     Gourm    +   (no shield)
rNeg     . . .     Faith    .   B - +0 robe (curse)
rPois    .         Spirit   .   (helmet restricted)
rElec    .         Reflect  .   e - +1 cloak
rCorr    .         Harm     .   (gloves unavailable)
MR       +....                  (boots unavailable)
Stlth    +.........             M - amulet of the gourmand
HPRegen  1.29/turn              q - ring of fire
MPRegen  0.16/turn              (no ring)

@: regenerating, drained
A: large, unfitting armour, tough skin 1
a: Minor Destruction, Renounce Religion


You were on level 9 of the Dungeon.
You worshipped Makhleb.
Makhleb was pleased with you.
You were not hungry.

You visited 2 branches of the dungeon, and saw 10 of its levels.

You collected 406 gold pieces.

Inventory:

Hand Weapons
 l - a +0 hunting sling
 v - a +0 blowgun
 x - a +0 falchion of holy wrath
 z - a +0 shortbow
 A - a +0 mace of protection
 D - a +1 flail of venom
 I - a +0 quarterstaff
 L - a +0 arbalest
 O - a +2 war axe of draining (weapon)
Missiles
 h - 187 stones
 m - 129 arrows
 r - 2 tomahawks
 u - 34 poisoned needles
 w - 70 bolts
 C - 7 javelins (quivered)
 K - 8 curare-tipped needles
Armour
 e - a +1 cloak (worn)
 B - a cursed +0 robe (worn)
 J - a +0 robe
Jewellery
 q - a ring of fire (left hand)
 M - an amulet of the gourmand (around neck)
Wands
 o - a wand of enslavement (17)
 t - a wand of iceblast (1)
 F - a wand of digging (10)
 G - a wand of random effects (23)
Scrolls
 b - a scroll of magic mapping {unknown}
 c - a scroll of identify
 g - 6 scrolls of remove curse
 i - 2 scrolls of enchant armour
 j - a scroll of amnesia
 k - a scroll of teleportation
 s - 2 scrolls of immolation
 y - 4 scrolls of fear
Potions
 a - a potion of flight
 f - 2 potions of cancellation
 n - a potion of degeneration {unknown}
 p - a potion of ambrosia
 E - 2 potions of magic
 H - a potion of brilliance {unknown}
 N - a potion of might
Comestibles
 d - 4 rations


   Skills:
 + Level 12.1(10.8) Fighting
 * Level 5.8(4.7) Maces & Flails
 - Level 2.1(1.1) Dodging
 - Level 6.0(4.8) Spellcasting
 - Level 4.2(3.1) Charms
 + Level 4.8(3.7) Necromancy
 + Level 5.0(3.9) Invocations


You had 12 spell levels left.
You knew the following spells:

 Your Spells              Type           Power        Failure   Level  Hunger
a - Infusion              Chrm           ##..         4%          1    None
b - Regeneration          Chrm/Necr      ###.......   11%         3    ###....
c - Pain                  Necr           ###.         3%          1    None
d - Animate Skeleton      Necr           N/A          3%          1    None
e - Vampiric Draining     Necr           ###.......   10%         3    ###....

Your spell library contained the following spells:

 Spells                   Type           Power        Failure   Level  Hunger
 Animate Dead             Necr           N/A          30%         4    ####...
 Deflect Missiles         Chrm/Air       #.........   100%        6    #######
 Airstrike                Air            #.........   82%         4    ####...
 Static Discharge         Conj/Air       #.......     41%         3    ###....
 Shroud of Golubria       Chrm/Tloc      #.........   12%         2    #......
 Song of Slaying          Chrm           ##......     6%          2    #......
 Spectral Weapon          Hex/Chrm       #.......     22%         3    ###....


Dungeon Overview and Level Annotations

Branches:
Dungeon (9/15)             Temple (1/1) D:6
   Lair: D:8-11         Orc: D:9-12

Altars:
Ashenzari
Cheibriados
Dithmenos
Elyvilon
Fedhas
Gozag
Hepliaklqana
Kikubaaqudgha
Makhleb
Nemelex Xobeh
Okawaru
Qazlal
Ru
Sif Muna
Trog
Uskayaw
Vehumet
Wu Jian
Xom
Yredelemnul
Zin
The Shining One

Annotations:
D:6 exclusion: oklob plant


Innate Abilities, Weirdness & Mutations

You are too large for most types of armour.
You have tough skin. (AC +1)


Message History

The wyvern bites you! The wyvern closely misses you.
You completely miss the wyvern.
The wyvern is lightly wounded.
The wyvern barely misses you. The wyvern bites you!
You hit the wyvern. You drain the wyvern!
The wyvern is moderately wounded.
The wyvern bites you! The wyvern completely misses you.
You barely miss the wyvern.
The wyvern is moderately wounded.
The wyvern misses you. The wyvern bites you!
You hit the wyvern but do no damage.
The wyvern is moderately wounded.
The wyvern bites you! x2
* * * LOW HITPOINT WARNING * * *
Casting: Regeneration (safe; 11% risk of failure)
Confirm with . or Enter, or press ? or * to list all spells.
Your skin crawls.
The wyvern bites you!
* * * LOW HITPOINT WARNING * * *
The wyvern bites you!
You die...

. ..##################
...................#
...................#
.......<...)....@l.#
..###...................
#...................
#...................
#.[........########.
#######....# #....#
#....#


You could see a wyvern.

Vanquished Creatures
  Pikel (D:6)
  Prince Ribbit (D:5)
  Sigmund (D:5)
  A spriggan (D:7)
  A hungry ghost (D:8)
  Menkaure (D:3)
  A black bear (D:6)
  A hornet zombie (D:8)
  3 phantoms
  An orc warrior (D:6)
  2 sky beasts
  3 ogres
  2 ice beasts
  A slave (D:6)
  A centaur (D:6)
  Blork the orc (D:5)
  A bullfrog (D:6)
  A big kobold (D:7)
  A gnoll sergeant (D:8)
  4 scorpions
  6 killer bees (D:8)
  3 wights
  A howler monkey (D:4)
  A crimson imp (D:8)
  A hound (D:6)
  5 centaur skeletons
  An orc priest (D:6)
  A quasit (D:6)
  A jelly (D:7)
  2 iguanas (D:7)
  4 orc wizards (D:6)
  5 worker ants
  Ijyb (D:5)
  Terence (D:2)
  A mummy (D:3)
  5 gnolls (D:8)
  10 adders
  A shadow imp (D:6)
  2 oozes
  An adder zombie (D:7)
  3 worms
  4 dart slugs
  5 leopard geckos
  19 orcs
  7 bats
  6 giant cockroaches
  11 goblins
  9 hobgoblins
  2 jackals (D:1)
  3 quokkas
  2 ball pythons
  A ball python skeleton (D:5)
  3 frilled lizards
  A jackal skeleton (D:4)
  8 kobolds
  2 quokka skeletons (D:3)
  6 rats
  A toadstool (D:1)
175 creatures vanquished.

Vanquished Creatures (others)
  3 slaves (D:7)
  2 wights (D:7)
  A crimson imp (D:7)
  3 toadstools (D:1)
9 creatures vanquished.

Grand Total: 184 creatures vanquished

Notes
Turn   | Place    | Note
-------+----------+-------------------------------------------
     0 | D:1      | LLavrengius the Ogre Skald began the quest for the Orb.
     0 | D:1      | Reached XP level 1. HP: 22/22 MP: 3/3
   332 | D:1      | Reached XP level 2. HP: 27/29 MP: 5/5
   341 | D:1      | Reached skill level 3 in Fighting
  1091 | D:2      | Reached XP level 3. HP: 37/37 MP: 4/7
  1826 | D:2      | Reached XP level 4. HP: 44/48 MP: 8/8
  1831 | D:2      | Learned a level 3 spell: Regeneration
  2345 | D:2      | Noticed Terence
  2360 | D:2      | Killed Terence
  2360 | D:2      | Reached skill level 4 in Fighting
  2360 | D:2      | Reached skill level 1 in Necromancy
  2470 | D:3      | Reached XP level 5. HP: 48/54 MP: 6/10
  2532 | D:3      | Found a shadowy altar of Dithmenos.
  2708 | D:3      | Found a transporter.
  2713 | D:3      | Found a transporter.
  2726 | D:3      | Found an ancient bone altar of Kikubaaqudgha.
  2730 | D:3      | Noticed Menkaure
  2736 | D:3      | Found a basalt altar of Yredelemnul.
  3635 | D:4      | Reached XP level 6. HP: 61/63 MP: 7/11
  3854 | D:5      | Entered Level 5 of the Dungeon
  3900 | D:5      | Noticed an ice beast
  3975 | D:5      | Noticed Prince Ribbit
  4180 | D:5      | Killed Prince Ribbit
  4180 | D:5      | Reached skill level 5 in Fighting
  4180 | D:5      | Reached XP level 7. HP: 21/72 MP: 11/13
  4261 | D:5      | Noticed Ijyb
  4958 | D:5      | Reached skill level 6 in Fighting
  5163 | D:5      | Reached skill level 7 in Fighting
  5367 | D:5      | Noticed Blork the orc
  5368 | D:5      | Noticed Sigmund
  5382 | D:5      | Killed Blork the orc
  5382 | D:5      | Reached XP level 8. HP: 57/88 MP: 8/14
  5411 | D:5      | Killed Sigmund
  5411 | D:5      | Reached skill level 8 in Fighting
  5777 | D:5      | Reached skill level 9 in Fighting
  5866 | D:5      | Killed Ijyb
  6318 | D:6      | Reached skill level 10 in Fighting
  6679 | D:6      | Found a radiant altar of Vehumet.
  6680 | D:6      | Noticed an oklob plant
  6846 | D:6      | Found a staircase to the Ecumenical Temple.
  6855 | Temple   | Entered the Ecumenical Temple
  7072 | Temple   | Became a worshipper of Makhleb the Destroyer
  7272 | D:6      | Reached skill level 1 in Invocations
  7274 | D:6      | Reached skill level 11 in Fighting
  7661 | D:6      | HP: 4/97 [poisoned by an orc wizard]
  7663 | D:6      | Reached XP level 9. HP: 5/105 MP: 15/15
  7666 | D:6      | HP: 3/105 [poisoned by an orc wizard]
  8626 | D:7      | Noticed Pikel
  8801 | D:6      | Killed Pikel
  9047 | D:7      | Found a burning altar of Makhleb.
  9265 | D:7      | Reached skill level 5 in Spellcasting
  9704 | D:7      | Learned a level 1 spell: Pain
  9706 | D:7      | Learned a level 1 spell: Animate Skeleton
  9710 | D:7      | Learned a level 3 spell: Vampiric Draining
  9899 | D:7      | Reached * piety under Makhleb
  9910 | D:7      | Found a shattered altar of Ashenzari.
 10012 | D:7      | Identified the Catalogue of the Ghastly Birds
 10072 | D:7      | Found a glowing silver altar of Zin.
 10075 | D:7      | Found a sparkling altar of Nemelex Xobeh.
 10081 | D:7      | Found a hide-covered altar of Uskayaw.
 10081 | D:7      | Found a sacrificial altar of Ru.
 10104 | D:7      | Found a deep blue altar of Sif Muna.
 10511 | D:8      | Reached skill level 5 in Maces & Flails
 10647 | D:3      | Killed Menkaure
 10647 | D:3      | Reached XP level 10. HP: 75/115 MP: 11/18
 10933 | D:8      | Reached skill level 12 in Fighting
 10944 | D:7      | HP: 5/115 [poisoned by a killer bee]
 10944 | D:7      | HP: 2/115 [big kobold (3)]
 11594 | D:8      | Reached ** piety under Makhleb
 12244 | D:8      | Reached skill level 5 in Invocations
 13000 | D:9      | Slain by a wyvern

Vault maps used:
D:1:      ldierk_water_garden
D:2:      minmay_diamond_boxcup, uniq_terence
D:3:      gammafunk_temple_of_torment, lemuel_coloured_pillars_altar,
          minmay_door_square
D:5:      first_ration, uniq_ijyb, uniq_prince_ribbit1, uniq_menkaure,
          uniq_blork_the_orc, uniq_sigmund
D:6:      minmay_temple_entry_hall, lemuel_oklob_altar
D:7:      lemuel_round_altar, minitemple, the_bakery, bloody_makhleb, uniq_pikel
D:8:      erik_lair_island, kennysheep_generic_room_5
D:9:      serial_glass, glass_columns_a, glass_columns_b, due_unseen_surprise,
          minmay_strange_pillars, minmay_strange_pillars,
          nicolae_ru_the_path_less_chosen, uniq_erolcha
Temple:   nicolae_temple_figure_eight

Skill      XL: |  1  2  3  4  5  6  7  8  9 10 |
---------------+-------------------------------+-----
Fighting       | 3 4 5 7 11 12 | 12.1
Maces & Flails | 2 5 |  5.8
Charms         | 3 4 |  4.2
Spellcasting   | 3 4 5 6 |  6.0
Necromancy     | 1 2 3 4 |  4.8
Invocations    | 2 4 5 |  5.0
Dodging        | |  2.1

Action                   |  1- 3 |  4- 6 |  7- 9 | 10-12 || total
-------------------------+-------+-------+-------+-------++-------
Melee: Mace              |   113 |   152 |   111 |       ||   376
       Flail             |       |       |   246 |     9 ||   255
       War axe           |       |       |       |   140 ||   140
       Falchion          |       |       |       |    13 ||    13
Throw: Javelin           |       |       |     7 |       ||     7
 Cast: Infusion          |    10 |    17 |    27 |     3 ||    57
       Regeneration      |       |     6 |    17 |     7 ||    30
       Pain              |       |       |     2 |       ||     2
Evoke: Wand              |       |     2 |     9 |     3 ||    14
  Use: Scroll            |       |     5 |     8 |     2 ||    15
       Potion            |       |       |     3 |     1 ||     4
  Eat: Chunk             |     3 |     8 |    10 |     8 ||    29
       Ration            |       |       |     4 |    10 ||    14
Armor: Robe              |    42 |    30 |   135 |    83 ||   290
Dodge: Dodged            |    70 |    79 |   248 |    98 ||   495

Table legend:
 A = Spawn XP
 B = Non-spawn XP
 C = Spawn XP percentage of total XP
 D = Spawn monster count
 E = Non-spawn monster count
 F = Spawn count percentage of total count
 G = Total turns spent on level
                    A         B        C        D         E        F      G
               +---------+---------+-------+---------+---------+-------+---------
         Total |       0 |    6131 |   0.0 |       0 |     173 |   0.0 | 13000
               +---------+---------+-------+---------+---------+-------+---------
           D:1 |       0 |      30 |   0.0 |       0 |      18 |   0.0 |  1062
           D:2 |       0 |     126 |   0.0 |       0 |      31 |   0.0 |  1402
           D:3 |       0 |     297 |   0.0 |       0 |      25 |   0.0 |  1095
           D:4 |       0 |     155 |   0.0 |       0 |       9 |   0.0 |   831
           D:5 |       0 |    1214 |   0.0 |       0 |      20 |   0.0 |  2450
           D:6 |       0 |    1801 |   0.0 |       0 |      24 |   0.0 |  2478
           D:7 |       0 |    1192 |   0.0 |       0 |      21 |   0.0 |  2021
           D:8 |       0 |    1313 |   0.0 |       0 |      24 |   0.0 |  1388
           D:9 |       0 |       3 |   0.0 |       0 |       1 |   0.0 |    22
               +---------+---------+-------+---------+---------+-------+---------
